 Dungeon Sprint DCSS version 0.20-a0-1000-g0e8f6bb (webtiles) character file.

6 lordofallpotatos the Ducker (level 2, -4/27 HPs)
             Began as a Human Monk on Apr 13, 2017.
             Was a Believer of Wu Jian.
             Engulfed by a fire elemental's flame (19 damage)
             ... in the Dungeon (Sprint V: "Ziggurat Sprint").
             The game lasted 00:01:35 (84 turns).

lordofallpotatos the Ducker (Human Monk)              Turns: 84, Time: 00:01:38

Health: -4/27      AC:  2    Str: 11    XL:     2   Next: 0%
Magic:  2/2        EV: 19    Int: 10    God:    Wu Jian [**....]
Gold:   0          SH:  0    Dex: 27    Spells: 1/1 levels left

rFire    . . .     SeeInvis .     - Unarmed
rCold    . . .     Gourm    .   (no shield)
rNeg     . . .     Faith    .   a - +0 robe
rPois    .         Spirit   .   (no helmet)
rElec    .         Reflect  .   (no cloak)
rCorr    .         Harm     .   (no gloves)
MR       .....     NoTele   +   (no boots)
Stlth    +++.......             (no amulet)
Regen    0.1/turn               h - +6 ring of dexterity
MPRegen  0.1/turn               i - +6 ring of dexterity

@: no status effects
A: no striking features
a: Renounce Religion


You were in the Dungeon.
You worshipped Wu Jian.
Wu Jian was pleased with you.
You were not hungry.

You visited 1 branch

Inventory:

Armour
 a - a +0 robe (worn)
Jewellery
 h - a +6 ring of dexterity (left hand)
 i - a +6 ring of dexterity (right hand)
Potions
 c - 10 potions of curing
 d - 10 potions of heal wounds
 e - 6 potions of haste
 f - 7 potions of magic
 g - 3 potions of berserk rage
 l - 2 potions of brilliance
 m - 2 potions of invisibility
 n - 4 potions of resistance
 p - 5 potions of agility
 q - 5 potions of might
Comestibles
 b - 5 bread rations
 j - 42 fruits
 k - 4 meat rations


   Skills:
 + Level 5.4 Fighting
 + Level 6.6 Dodging
 + Level 4.0 Stealth
 + Level 3.4 Unarmed Combat


You had one spell level left.
You didn't know any spells.

Dungeon Overview and Level Annotations

Branches:
Dungeon (1/1)

Altars:
Ashenzari
Cheibriados
Dithmenos
Elyvilon
Fedhas
Gozag
Hepliaklqana
Kikubaaqudgha
Makhleb
Nemelex Xobeh
Okawaru
Qazlal
Ru
Sif Muna
Trog
Uskayaw
Vehumet
Wu Jian
Xom
Yredelemnul
Zin
The Shining One
Beogh
Jiyva
Lugonu


Message History

2 fire elementals come into view.
Found a fan of gales and a book of Spatial Translocations.
You have no room to wall jump; the fire elemental is in the way.
There is no target in range.
There is no target in range.
You spin and attack the fire elemental.
You hit the fire elemental but do no damage.
You punch the fire elemental.
The fire elemental is lightly damaged.
The fire elemental completely misses you.
The fire elemental misses you. The fire elemental hits you.
The fire elemental burns you!
You attack the fire elemental from above.
You hit the fire elemental.
The fire elemental is lightly damaged.
You attack the fire elemental from above.
You hit the fire elemental but do no damage.
You are engulfed in blazing flames.
Ouch! That really hurt!
You die...

▓▓▓▓▓▓▓
▓.8©8.▓
▓.....▓
▓.§.§.▓
▓.§§E.▓
▓.§@E.▓
▓.§§§.▓
▓▓▓▓▓▓▓


You could see 2 fire elementals.

Vanquished Creatures (others)
  A spatial maelstrom (D)
1 creature vanquished.

Notes
Turn   | Place    | Note
-------+----------+-------------------------------------------
     0 | D        | lordofallpotatos the Human Monk began the quest for the Orb.
     0 | D        | Reached XP level 1. HP: 19/19 MP: 1/1
     2 | D        | Found a bloodstained altar of Trog.
     2 | D        | Found a deep blue altar of Sif Muna.
     2 | D        | Found a sacrificial altar of Ru.
     2 | D        | Found a stormy altar of Qazlal.
     2 | D        | Found an iron altar of Okawaru.
     9 | D        | Became a worshipper of the Wu Jian Council
     9 | D        | Reached * piety under Wu Jian
     9 | D        | Reached ** piety under Wu Jian
    11 | D        | Banished a spatial maelstrom
    13 | D        | Found a sparkling altar of Nemelex Xobeh.
    14 | D        | Found an ancient bone altar of Kikubaaqudgha.
    14 | D        | Found a corrupted altar of Lugonu.
    14 | D        | Found a burning altar of Makhleb.
    14 | D        | Found a viscous altar of Jiyva.
    14 | D        | Found a hazy altar of Hepliaklqana.
    29 | D        | Found an opulent altar of Gozag.
    30 | D        | Found a blossoming altar of Fedhas.
    45 | D        | Reached skill level 5 in Fighting
    45 | D        | Reached skill level 6 in Dodging
    45 | D        | Reached XP level 2. HP: 27/27 MP: 2/2
    81 | D        | Entered arena 1.
    81 | D        | Noticed a fire elemental
    81 | D        | Noticed a fire elemental
    84 | D        | Engulfed by a fire elemental's flame

Vault maps used:
D:        sprint_v

Skill      XL: |  1 |
---------------+----+-----
Fighting       | 5 |  5.4
Dodging        | 6 |  6.6
Unarmed Combat | 3 |  3.4
Stealth        | |  4.0

Action                   || total
-------------------------++-------
Melee: Unarmed           ||     3
       Punch             ||     1
  Use: Potion            ||     1
Dodge: Dodged            ||     2
